 Dungeon Crawl Stone Soup version 0.26-b1-52-g61e05abef2 (webtiles) character file.

Game seed: 8226412067122053964

54 raceaflais the Chopper (level 3, 0/34 HPs)
             Began as a Deep Dwarf Berserker on Jan 7, 2021.
             Was a Believer of Trog.
             Killed from afar by an orc wizard (6 damage)
             ... with a puff of flame
             ... on level 2 of the Dungeon.
             The game lasted 00:01:46 (685 turns).

raceaflais the Chopper (Deep Dwarf Berserker)        Turns: 685, Time: 00:01:46

Health: 0/34       AC:  5    Str: 21    XL:     3   Next: 66%
Magic:  2/2        EV: 12    Int:  7    God:    Trog [**....]
Gold:   46         SH:  0    Dex: 14    Spells: 2/2 levels left

rFire    . . .     SeeInvis .   a - +0 hand axe
rCold    . . .     Faith    .   (no shield)
rNeg     . . .     Spirit   .   c - +0 ring mail
rPois    .         Reflect  .   (no helmet)
rElec    .         Harm     .   (no cloak)
rCorr    .         Rampage  .   (no gloves)
Will     .....                  (no boots)
Stlth    ..........             (no amulet)
HPRegen  0.00/turn              (no ring)
MPRegen  0.08/turn              (no ring)

@: confused, attractive, non-regenerating
A: damage resistance, heal wounds, agile 1, blink, sense surroundings 1, no
regeneration
a: Heal Wounds, Blink, Renounce Religion, Berserk, Trog's Hand


You were on level 2 of the Dungeon.
You worshipped Trog.
Trog was pleased with you.
You visited 1 branch of the dungeon, and saw 2 of its levels.

You collected 46 gold pieces.

Inventory:

Hand Weapons
 a - a +0 hand axe (weapon)
Armour
 c - a +0 ring mail (worn)
Scrolls
 e - 2 scrolls of amnesia {unknown}
 f - a scroll of fog {unknown}
 h - a scroll of teleportation {unknown}
 i - a scroll of identify {unknown}
 j - a scroll of remove curse {unknown}
 k - a scroll of noise {unknown}
 l - a scroll of random uselessness {unknown}


   Skills:
 + Level 3.1 Fighting
 + Level 4.3 Axes
 + Level 2.5 Armour
 + Level 2.5 Dodging


You had 2 spell levels left.
You didn't know any spells.
Your spell library was empty.

Dungeon Overview and Level Annotations

Branches:
Dungeon (1/15)

Altars:

Annotations:
D:2 Sigmund


Innate Abilities, Weirdness & Mutations

You are resistant to damage.
You can heal yourself by infusing magical energy.
You passively map a small area around you.
You do not regenerate.
You are agile. (Dex +2)
You can translocate small distances at will.


Message History

You kill the orc!
Trog accepts your kill.
You barely miss the giant cockroach.
The giant cockroach bites you but does no damage.
The orc warrior hits you from afar with a +0 glaive.
* * * LOW HITPOINT WARNING * * *
You are too confused!
You are too confused!
You closely miss something. You hit the giant cockroach.
You kill the giant cockroach!
Trog accepts your kill.
Something hits you but does no damage. x2; The orc warrior closely misses you.
Unknown command.
You are too confused!
You barely miss something. Something hits you but does no damage.
Something hits you.
You hear some strange, mumbled words.
A puff of flame appears from out of thin air!
The puff of flame hits you!
You die...

############# ##### *
##...........###(....,
, ................../.
# , ##.#####.##.##...#
* .# * ,
#....).......###.#
#.#.#............# ,
##....{{......#.# *
,*,#.##..@o..$.#..#.#
, * *
........†........# *
*,#..#####..#.#.#.##.#
* #.. #......# # #., *
#........,,
...#...##.. ,, *
######.## .., * #..
,.. , #### ###


You could see an orc warrior.

Vanquished Creatures
  2 adders (D:2)
  A dart slug (D:1)
  3 leopard geckos
  An orc (D:2)
  5 bats (D:1)
  3 giant cockroaches
  4 goblins
  2 hobgoblins
  2 frilled lizards (D:1)
  3 kobolds (D:1)
  6 rats
32 creatures vanquished.

Notes
Turn   | Place    | Note
-------+----------+-------------------------------------------
     0 | D:1      | raceaflais the Deep Dwarf Berserker began the quest for the
                  | Orb.
     0 | D:1      | Reached XP level 1. HP: 20/20 MP: 1/1
   186 | D:1      | Reached XP level 2. HP: 27/27 MP: 2/2
   495 | D:1      | Reached ** piety under Trog
   534 | D:1      | Reached skill level 4 in Axes
   633 | D:1      | You fall into a shaft and drop 1 floor!
   638 | D:2      | Reached XP level 3. HP: 34/34 MP: 2/2
   655 | D:2      | Noticed an orc warrior
   657 | D:2      | Noticed Sigmund
   668 | D:2      | Gained mutation: You are agile. (Dex +2) [potion of
                  | mutation]
   668 | D:2      | Gained mutation: You can translocate small distances at
                  | will. [potion of mutation]
   685 | D:2      | Killed from afar by an orc wizard

Illustrated notes

Levels and vault maps discovered:
D:1:      psy_arrival_dodecagon, layout_loops_cross
D:2:      layout_loops_ring, uniq_sigmund

Skill      XL: |  1  2 |
---------------+-------+-----
Fighting       | 3 |  3.1
Axes           | 4 |  4.3
Armour         | |  2.5
Dodging        | |  2.5

Action                   || total
-------------------------++-------
Melee: Hand axe          ||    90
 Abil: Heal Wounds       ||     2
  Use: Potion            ||     4
Armor: Ring mail         ||    34
Dodge: Dodged            ||    73
